 Dungeon Crawl Stone Soup version 0.13.1-2-gfb2c2b7 (webtiles) character file.

123 Piginabag the Grasshopper (level 2, 0/14 HPs)
             Began as a Spriggan Warper on Dec 9, 2013.
             Slain by a gnoll
             ... wielding a +0,+0 spear
              (6 damage)
             ... on Level 2 of the Dungeon.
             The game lasted 00:06:13 (1649 turns).

Piginabag the Grasshopper (Spriggan Warper)         Turns: 1649, Time: 00:06:13

HP   0/14        AC  2     Str  7      XL: 2   Next: 68%
MP   1/5         EV 19     Int 14      God:
Gold 101         SH  0     Dex 15      Spells:  3 memorised,  2 levels left

Res.Fire  : . . .   See Invis. : +   a - +0 short sword (curse)
Res.Cold  : . . .   Warding    : .   b - +0 robe
Life Prot.: . . .   Conserve   : .   (shield restricted)
Res.Poison: .       Res.Corr.  : .   (helmet restricted)
Res.Elec. : .       Clarity    : .   (no cloak)
Sust.Abil.: . .     Spirit.Shd : .   (gloves unavailable)
Res.Mut.  : .       Stasis     : .   (boots unavailable)
Res.Rott. : .       Flight     : .   (no amulet)
Saprovore : . . .                    (no ring)
                                     (no ring)

@: very quick, slightly resistant to hostile enchantments, unstealthy
A: unfitting armour, see invisible, herbivore 3, speed 3, slow metabolism 2
a: no special abilities


You were on level 2 of the Dungeon.
You were not hungry.

You visited 1 branch of the dungeon, and saw 2 of its levels.

You collected 51 gold pieces.

Inventory:

Hand weapons
 a - a cursed +0,+0 short sword (weapon)
Missiles
 e - 24 darts (quivered)
 f - 10 darts of dispersal
Armour
 b - a +0 robe (worn)
 o - a cursed +0 cap
Comestibles
 i - a bread ration
Scrolls
 d - a scroll of blinking
 k - a scroll of identify {unknown}
Jewellery
 m - an uncursed ring of wizardry {unknown}
Potions
 g - a potion of porridge
 h - a potion of speed {unknown}
 j - a potion of confusion {unknown}
 n - a potion of curing {unknown}
Books
 c - a book of Spatial Translocations

   Spells                             Type                      Level
   *Apportation                       Translocation                1
   *Portal Projectile                 Translocation                2
   *Blink                             Translocation                2
   Shroud of Golubria                 Charms/Translocation         2
   Teleport Other                     Translocation                3
   Passage of Golubria                Translocation                4


   Skills:
 + Level 1.6 Fighting
 + Level 2.3 Short Blades
 + Level 1.1 Throwing
 + Level 4.1 Dodging
 + Level 3.1 Spellcasting
 + Level 4.8 Translocations


You had 2 spell levels left.
You knew the following spells:

 Your Spells              Type           Power        Failure   Level  Hunger
a - Apportation           Tloc           ###.......   2%          1    #......
b - Portal Projectile     Tloc           ###...       4%          2    ##.....
c - Blink                 Tloc           N/A          4%          2    ##.....


Dungeon Overview and Level Annotations

Branches:
Dungeon (2/27)

Altars:


Innate Abilities, Weirdness & Mutations

You are tiny and cannot use many weapons and most armour.
You have supernaturally acute eyesight.
You are a herbivore.
You cover ground extremely quickly.
You need consume almost no food.


Message History

Casting: Portal Projectile
Confirm with . or Enter, or press ? or * to list all spells.
Throwing (i - inventory. (,) - cycle):
e - 26 darts (quivered)
Press: ? - help, Shift-Dir - straight line, f - gnoll
Aim: a gnoll, wielding a spear Magically, you throw a dart.
The dart misses the gnoll.
Casting: Portal Projectile
Confirm with . or Enter, or press ? or * to list all spells.
Throwing (i - inventory. (,) - cycle):
e - 25 darts (quivered)
Press: ? - help, Shift-Dir - straight line, f/p - gnoll
Aim: a gnoll, wielding a spear Magically, you throw a dart.
The dart hits the gnoll.
Casting: Portal Projectile
Confirm with . or Enter, or press ? or * to list all spells.
You don't have enough magic to cast that spell.
Unknown command.
The gnoll hits you from afar with a spear!
Ouch! That really hurt!
The gnoll hits you from afar with a spear.
You die...

......... ..
........# .# #......
.### #.....# ...#
#...#.###########...#
#....................
#.<...## #.....<.....
#......###.#####S....
#.#.@...##.# #?.g...#
...##....##.#
#......# #...
##g..##.###......#
#...
#.####.##...#.###
###.
#(####)##...#.### #.
#.g.....g..(..... #.
##.....#......### .
#.....#......#
###...#.......


You could see 2 gnolls.

Vanquished Creatures
  4 goblins (D:1)
  5 hobgoblins
  3 kobolds (D:1)
  4 bats (D:1)
  A giant gecko (D:1)
  2 giant newts
  3 rats
22 creatures vanquished.

Notes
Turn   | Place    | Note
--------------------------------------------------------------
     0 | D:1      | Piginabag, the Spriggan Warper, began the quest for the Orb.
     0 | D:1      | Reached XP level 1. HP: 10/10 MP: 2/2
   242 | D:1      | Reached XP level 2. HP: 14/14 MP: 5/5
  1414 | D:1      | Learned a level 2 spell: Portal Projectile
  1417 | D:1      | Learned a level 2 spell: Blink
  1649 | D:2      | Slain by a gnoll

Action                   || total
-------------------------++-------
Melee: Short sword       ||    87
Throw: Dart              ||     5
 Cast: Portal Projectile ||     5
  Use: Scroll            ||     5
 Stab: Sleeping          ||     1
